cohdb
Replays
Latest Replays
All Replays
Popular Replays
Top Player Replays
Match Explorer
How It Works
Community
CoH3 Stats
Reddit
Sign in to upload your games and track your stats! →
Sign in with Steam
Match 41319133
Unlisted
Match 41319133
Overview
Messages
Build Orders
End
Selects Italian Coastal Battlegroup
Selects Coastal Reserves
Coastal Reserve
Construct Infanterie Kompanie
MG 42 Machine Gun Team
Coastal Reserve
GrW 34 Mortar Team
Construct Luftwaffe Kompanie
Jäger Squad
Support Elements
Selects Support Bunkers
Wirbelwind Flakpanzer
Selects Rapid Fortifications
Rapid Fortifications
Medical Bunker
Marder III M Tank Destroyer
Anti-tank Bunker
KoalaImpala
Tanith's Finest
COHseph Stalin
mcQueen
0
0
Comments
sign in to comment!
No comments posted yet!